 Dungeon Crawl Stone Soup version 0.20.1-1-g8b1a95d (webtiles) character file.

184 KoningWillie the Shield-Bearer (level 5, -3/47 HPs)
             Began as a Minotaur Fighter on Sept 22, 2017.
             Killed by divine providence
             ... invoked by an orc priest
              (15 damage)
             ... on level 3 of the Dungeon.
             The game lasted 00:03:53 (2693 turns).

KoningWillie the Shield-Bearer (Minotaur Fighter)   Turns: 2693, Time: 00:03:54

Health: -3/47      AC:  6    Str: 22    XL:     5   Next: 36%
Magic:  4/4        EV:  6    Int:  5    God:
Gold:   109        SH:  7    Dex:  9    Spells: 4/4 levels left

rFire    . . .     SeeInvis .   a - +0 long sword
rCold    . . .     Gourm    .   c - +0 shield
rNeg     . . .     Faith    .   b - +0 scale mail
rPois    .         Spirit   .   (helmet restricted)
rElec    .         Reflect  .   (no cloak)
rCorr    .         Harm     .   (no gloves)
MR       .....     Clarity  +   (no boots)
Stlth    ..........             (no amulet)
Regen    0.2/turn               (no ring)
MPRegen  0.1/turn               (no ring)

@: very heavily drained
A: retaliatory headbutt, horns 2, clarity, mutation resistance 1
a: no special abilities


You were on level 3 of the Dungeon.
You were not hungry.

You visited 1 branch of the dungeon, and saw 3 of its levels.

You collected 109 gold pieces.

Inventory:

Hand Weapons
 a - a +0 long sword (weapon)
Armour
 b - a +0 scale mail (worn)
 c - a +0 shield (worn)
Jewellery
 h - a +3 ring of intelligence {unknown}
 j - an uncursed ring of positive energy {unknown}
 k - an uncursed ring of wizardry {unknown}
 r - an uncursed ring of wizardry {unknown}
Scrolls
 e - a scroll of recharging {unknown}
 g - a scroll of blinking {unknown}
 i - 4 scrolls of identify {unknown}
 l - a scroll of teleportation {unknown}
 m - 2 scrolls of remove curse {unknown}
 o - a scroll of random uselessness {unknown}
Potions
 d - 2 potions of might
 n - a potion of curing
Comestibles
 f - 5 bread rations


   Skills:
 + Level 4.3(0.1) Fighting
 + Level 4.4(0.2) Long Blades
 + Level 4.6(0.3) Armour
 - Level 0.7(0.0) Dodging
 - Level 0.1(0.0) Stealth
 - Level 4.8(0.5) Shields


You had 4 spell levels left.
You didn't know any spells.

Dungeon Overview and Level Annotations

Branches:
Dungeon (3/15)

Altars:
Elyvilon
Gozag
Okawaru
The Shining One


Innate Abilities, Weirdness & Mutations

You reflexively headbutt those who attack you in melee.
You have a pair of horns on your head.
You possess an exceptional clarity of mind.
You are somewhat resistant to further mutation.


Message History

The orc priest hits you with a short sword.
The orc priest calls down the wrath of Beogh upon you.
Beogh smites you!
* * * LOW HITPOINT WARNING * * *
You hit the orc priest. Your headbutt misses the orc priest.
The orc priest is severely wounded.
The orc priest hits you but does no damage.
You barely miss the orc priest.
The orc priest is severely wounded.
The orc priest calls down the wrath of Beogh upon you.
You barely resist. You block the orc priest's attack.
You hit the orc priest.
The orc priest is almost dead.
You block the orc priest's attack.
You barely miss the orc priest.
The orc priest is almost dead.
The orc priest hits you but does no damage.
The orc priest invokes the aid of Beogh against you.
Beogh smites you!
You die...

##.......## ##.
#.........#
##...#####
+.........+
..........
#.........#
#...##.## #.......#
# #.# #.....#
#####.## #.o.#
#....... #o#
#.....## #@#
#..##### #.#
#..#####
##.#########.......
##..........##.#####
#.....#####.##.#
##....#####.##)#
#######.#.#........#
............###.####
#######.#.### #.#


You could see an orc priest and an orc wizard.

Vanquished Creatures
  An orc priest (D:3)
  An orc wizard (D:3)
  3 adders
  4 worms
  A dart slug (D:1)
  A leopard gecko (D:3)
  10 orcs (D:3)
  6 bats
  5 giant cockroaches
  6 goblins
  9 hobgoblins
  6 jackals (D:2)
  A quokka (D:2)
  3 ball pythons
  A frilled lizard (D:2)
  12 kobolds
  6 rats
76 creatures vanquished.

Notes
Turn   | Place    | Note
-------+----------+-------------------------------------------
     0 | D:1      | KoningWillie the Minotaur Fighter began the quest for the Orb.
     0 | D:1      | Reached XP level 1. HP: 19/19 MP: 0/0
    87 | D:1      | Reached XP level 2. HP: 19/27 MP: 1/1
   426 | D:2      | Reached XP level 3. HP: 15/33 MP: 2/2
  1162 | D:2      | Reached XP level 4. HP: 26/40 MP: 3/3
  1401 | D:2      | Found an opulent altar of Gozag.
  1402 | D:2      | Found a glowing golden altar of the Shining One.
  1402 | D:2      | Found a white marble altar of Elyvilon.
  1403 | D:2      | Found an iron altar of Okawaru.
  1876 | D:3      | Reached XP level 5. HP: 25/46 MP: 4/4
  2225 | D:3      | Gained mutation: You are somewhat resistant to further mutation. [potion of mutation]
  2225 | D:3      | Gained mutation: You possess an exceptional clarity of mind. [potion of mutation]
  2693 | D:3      | Killed from afar by an orc priest

Skill      XL: |  1  2  3  4 |
---------------+-------------+-----
Shields        | 4 |  4.8
Armour         | 4 |  4.6
Long Blades    | 3 4 |  4.4
Fighting       | 4 |  4.3
Dodging        | |  0.7
Stealth        | |  0.1

Action                   |  1- 3 |  4- 6 || total
-------------------------+-------+-------++-------
Melee: Long sword        |   113 |   112 ||   225
       Headbutt          |    19 |    18 ||    37
  Use: Potion            |       |     4 ||     4
  Eat: Meat ration       |     1 |       ||     1
       Fruit             |       |     2 ||     2
       Royal jelly       |       |     1 ||     1
Armor: Scale mail        |    70 |    50 ||   120
Dodge: Dodged            |    44 |    20 ||    64
Block: Shield            |    77 |    35 ||   112
       Rpst.: Long sword |    16 |     3 ||    19
